 Dungeon Crawl Stone Soup version 0.18.1-1-g2f07953 (webtiles) character file.

205 M4edhros the Covert (level 5, -7/49 HPs)
             Began as an Octopode Artificer on May 7, 2016.
             Killed by divine providence
             ... invoked by an orc priest
              (14 damage)
             ... on level 4 of the Dungeon.
             The game lasted 00:01:55 (1955 turns).

M4edhros the Covert (Octopode Artificer)            Turns: 1955, Time: 00:01:57

Health: -7/49      AC: 22    Str: 10    XL:     5   Next: 83%
Magic:  7/7        EV:  2    Int: 15    God:
Gold:   99         SH:  0    Dex: 13    Spells: 0 memorised, 4 levels left

rFire  . . .     SeeInvis .     l - +1 spear (venom)
rCold  . . .     Gourm    .     (no shield)
rNeg   + + +     Faith    .     (helmet currently unavailable)
rPois  +         Spirit   .     (no amulet)
rElec  .         Dismiss  .     (no ring)
rCorr  .         Reflect  .     (no ring)
SustAt .         Harm     .     (no ring)
MR     .....     NoTele   +     (no ring)
Stlth  ++++++....               (no ring)
                                (no ring)
                                (no ring)
                                (no ring)

@: tree-form, not resistant to hostile enchantments, very stealthy
A: almost no armour, (amphibious), 8 rings, (constrict 8), (camouflage 0),
(gelatinous body 0)
a: no special abilities


You were on level 4 of the Dungeon.
You were not hungry.
You were a tree.
You visited 1 branch of the dungeon, and saw 4 of its levels.

You collected 99 gold pieces.

Inventory:

Hand Weapons
 a - a +0 short sword
 j - a +0 hunting sling
 l - a +1 spear of venom (weapon)
Missiles
 o - 18 stones (quivered)
Jewellery
 g - an uncursed ring of protection from cold {unknown}
Wands
 b - a wand of flame (12/48)
 c - a wand of enslavement (14/24)
 d - a wand of random effects (14/48)
Scrolls
 h - a scroll of enchant armour {unknown}
 i - a scroll of identify {unknown}
 p - a scroll of blinking {unknown}
Potions
 e - a potion of magic
 k - a potion of lignification
Comestibles
 f - a bread ration
 m - a beef jerky
 n - 4 chunks of flesh


   Skills:
 - Level 1.0 Fighting
 - Level 1.0 Short Blades
 - Level 2.0 Dodging
 + Level 8.0 Stealth
 - Level 3.2 Evocations


You had 4 spell levels left.
You didn't know any spells.

Dungeon Overview and Level Annotations

Branches:
Dungeon (4/15)
 Temple: D:4-7

Altars:
Makhleb
Trog

Annotations:
D:4 Robin


Innate Abilities, Weirdness & Mutations

You cannot wear most types of armour.
((You are amphibious.))
You can wear up to eight rings at the same time.
((You can use your tentacles to constrict eight enemies at once.))
((Your skin changes colour to match your surroundings (Stealth).))
((Your rubbery body absorbs attacks (AC +1).))


Message History

The goblin shouts!
You hit the orc priest but do no damage.
You squeeze the orc priest, but do no damage.
The orc priest is moderately wounded.
You constrict the orc priest, but do no damage.
The goblin closely misses you. The orc priest hits you with a flail!
* * * LOW HITPOINT WARNING * * *
An orc comes into view. It is wielding a club.
Drink which item? (? for menu, Esc to quit)
It was a potion of magic.
Magic courses through your body.
You constrict the orc priest. The goblin closely misses you.
The orc priest closely misses you.
The orc moves out of view.
Drink which item? (? for menu, Esc to quit)
It was a potion of lignification.
You turn into a tree.
Your roots penetrate the ground.
You lose your grip on the orc priest.
The goblin hits you.
* * * LOW HITPOINT WARNING * * *
The orc priest calls down the wrath of Beogh upon you.
Beogh smites you!
You die...

#.......# .. #.###.#.# .#
#.# #.#.# # ## #.# #.# #
#. #.# #.# #.
#.###.###.#.. #.
#............ #. #.
#....#########.######. #.
#. #....ggggo♣g..........
#.
#.##....#o######.########
#. ###...........#
##'#### #.
##.............# #.....#
## ...............#
#.....#
...............###.....##
....g...g)g......'......#
....gg.##g########......#
.....g. #.# #......#


You could see Robin, an orc priest, an orc and 4 goblins.

Vanquished Creatures
  An ogre (D:4)
  A centaur skeleton (D:4)
  2 gnolls (D:3)
  2 adders
  A worm (D:3)
  3 dart slugs
  A giant gecko (D:3)
  2 orcs (D:4)
  5 bats
  2 giant cockroaches
  5 hobgoblins
  4 giant newts
  10 goblins
  4 kobolds
  6 rats
49 creatures vanquished.

Vanquished Creatures (others)
  A gnoll (D:3)
1 creature vanquished.

Grand Total: 50 creatures vanquished

Notes
Turn   | Place    | Note
--------------------------------------------------------------
     0 | D:1      | M4edhros the Octopode Artificer began the quest for the Orb.
     0 | D:1      | Reached XP level 1. HP: 13/13 MP: 3/3
    43 | D:1      | Reached skill level 2 in Stealth
   292 | D:1      | Reached skill level 3 in Stealth
   292 | D:1      | Reached XP level 2. HP: 18/18 MP: 4/4
   772 | D:1      | Reached skill level 4 in Stealth
   896 | D:2      | Reached XP level 3. HP: 23/23 MP: 5/5
   981 | D:3      | Found a burning altar of Makhleb.
  1038 | D:3      | Reached skill level 5 in Stealth
  1042 | D:3      | Reached XP level 4. HP: 22/28 MP: 6/6
  1114 | D:3      | Found a bloodstained altar of Trog.
  1342 | D:4      | Noticed an ogre
  1354 | D:4      | Killed an ogre
  1354 | D:4      | Reached skill level 7 in Stealth
  1354 | D:4      | Reached XP level 5. HP: 25/33 MP: 7/7
  1731 | D:4      | Noticed Robin
  1757 | D:4      | Reached skill level 8 in Stealth
  1955 | D:4      | Killed from afar by an orc priest

Skill      XL: |  1  2  3  4  5 |
---------------+----------------+-----
Stealth        | 3 4 5 7 8 |  8.0
Fighting       | |  1.0
Short Blades   | |  1.0
Dodging        | |  2.0
Evocations     | |  3.2

Action                   |  1- 3 |  4- 6 || total
-------------------------+-------+-------++-------
Melee: Short sword       |    53 |       ||    53
       Constrict         |    15 |     7 ||    22
       Tentacles         |     7 |    10 ||    17
       Spear             |       |    45 ||    45
Evoke: Wand              |     4 |     1 ||     5
  Use: Potion            |       |     2 ||     2
 Stab: Sleeping          |     9 |     9 ||    18
  Eat: Chunk             |       |     3 ||     3
Armor: Skin              |     5 |     1 ||     6
Dodge: Dodged            |    23 |    20 ||    43
